 Dungeon Crawl Stone Soup version 0.18-a0-1539-g1c7284a (webtiles) character file.

1650 dorian the Covert (level 9, 0/42 HPs)
             Began as a Vine Stalker Assassin on Mar 9, 2016.
             Slain by a killer bee (4 damage)
             ... on level 7 of the Dungeon.
             The game lasted 00:12:55 (4902 turns).

dorian the Covert (Vine Stalker Assassin)           Turns: 4902, Time: 00:12:55

Health: 0/42       AC:  7    Str: 15    XL:     9   Next: 0%
Magic:  0/10       EV: 11    Int: 11    God:
Gold:   216        SH:  0    Dex: 18    Spells: 0 memorised, 8 levels left

rFire  . . .     SeeInvis .     a - +2 dagger
rCold  . . .     Gourm    .     c - +0 robe
rNeg   . . .     Faith    +     (no shield)
rPois  .         Spirit   +     o - +0 helmet
rElec  .         Dismiss  .     d - +0 cloak
rCorr  .         Reflect  .     (no gloves)
SustAt .         Harm     .     (no boots)
MR     +....                    r - amulet of faith
Stlth  +++++.....               (no ring)
                                n - +3 ring of protection

@: somewhat resistant to hostile enchantments, quite stealthy
A: fangs 3, regeneration 2, magic shield, antimagic bite, no device heal 3, rot
immunity
a: no special abilities


You were on level 7 of the Dungeon.
You were hungry.

You visited 1 branch of the dungeon, and saw 7 of its levels.

You collected 336 gold pieces.
You spent 120 gold pieces at shops.

Inventory:

Hand Weapons
 a - a +2 dagger (weapon)
 b - a +0 blowgun
 j - a -3 dagger
Missiles
 e - 8 poisoned needles
 f - 2 curare-tipped needles
Armour
 c - a +0 robe (worn)
 d - a +0 cloak (worn)
 o - a +0 helmet (worn)
Jewellery
 n - a +3 ring of protection (left hand)
 p - an uncursed ring of ice
 r - an amulet of faith (around neck)
Wands
 x - a wand of flame (42/48)
 I - a wand of digging (8/24)
 M - a wand of iceblast (6/15)
Scrolls
 l - 2 scrolls of fog {unknown}
 m - a scroll of fear {unknown}
 s - 2 scrolls of magic mapping {unknown}
 t - 3 scrolls of remove curse
 v - a scroll of holy word {unknown}
 y - 6 scrolls of identify
 B - 2 scrolls of enchant armour {unknown}
 C - a scroll of enchant weapon {unknown}
 E - a scroll of recharging {unknown}
 H - a scroll of blinking {unknown}
 J - a scroll of noise {unknown}
 K - a scroll of immolation {unknown}
Potions
 h - 2 potions of curing
 i - a potion of lignification {unknown}
 k - 2 potions of berserk rage {unknown}
 q - 2 potions of heal wounds
 w - 2 potions of beneficial mutation {unknown}
 A - a potion of resistance {unknown}
 F - a potion of might {unknown}
 G - a potion of mutation {unknown}
 L - a potion of haste {unknown}
Comestibles
 g - 5 bread rations
 u - a meat ration
 z - 2 beef jerkies
 D - 4 fruits


   Skills:
 - Level 1.7 Fighting
 + Level 7.5 Short Blades
 - Level 1.7 Throwing
 - Level 0.7 Dodging
 + Level 11.0 Stealth


You had 8 spell levels left.
You didn't know any spells.

Dungeon Overview and Level Annotations

Branches:
Dungeon (7/15)
 Temple: D:4-7

Altars:
Gozag
Nemelex Xobeh
Qazlal
Trog
Vehumet
The Shining One

Shops:
D:7 *

Annotations:
D:3 Emanloe's ghost, amateur GrBe


Innate Abilities, Weirdness & Mutations

You have razor-sharp teeth.
You heal very quickly.
When hurt, damage is shared between your health and your magic reserves.
Your bite disrupts and absorbs the magic of your enemies.
Potions and wands cannot restore your health.
You are immune to rotting.


Message History

Press: ? - help, Shift-Dir - straight line, f - killer bee
Aim: a killer bee
Okay, then.
Evoke which item? (* to show all) (? for menu, Esc to quit)
Zapping:
I - a wand of digging (will waste charges)
Press: ? - help, Shift-Dir - straight line The rock shatters into small pieces.
Evoking this partially-identified wand wasted a few charges.
The killer bee stings you!
* * * LOW HITPOINT WARNING * * *
The killer bee stings you.
* * * LOW HITPOINT WARNING * * *
The killer bee stings you but does no damage.
A giant gecko zombie comes into view.
The killer bee stings you.
* * * LOW HITPOINT WARNING * * *
Drink which item? (? for menu, Esc to quit)
It was a potion of heal wounds.
That seemed strangely inert.
The killer bee barely misses you. The killer bee stings you.
You die...

######### ......).. Z.
#..##### ..# #..# #.#
#..############# #.#
.#.............# #.#
##############.# #.# #
#.###y###### ##########
#..@yyZ.....
#..............#######.##
#.############.# #<# #.#
#.# #.# ..# #.# ### #.#
#.


You could see 3 killer bees and a hound zombie.

Vanquished Creatures
  Prince Ribbit (D:5)
  Menkaure (D:5)
  The ghost of Kidiri the Magician, an amateur DEFE (D:4)
  A sky beast (D:5)
  4 ogres
  A centaur (D:5)
  2 scorpions (D:5)
  2 killer bees (D:7)
  A crimson imp (D:5)
  A giant frog skeleton (D:6)
  An orc priest (D:3)
  2 hounds (D:4)
  2 jellies (D:6)
  2 orc wizards
  3 worker ants
  4 gnolls (D:2)
  A howler monkey skeleton (D:5)
  9 adders
  A shadow imp (D:5)
  4 worms
  4 dart slugs
  A giant gecko (D:5)
  7 orcs
  5 giant cockroaches
  9 goblins
  9 hobgoblins
  3 kobolds
  2 quokkas
  9 bats
  A giant gecko skeleton (D:6)
  A giant gecko zombie (D:4)
  8 giant newts
  5 rats
108 creatures vanquished.

Notes
Turn   | Place    | Note
--------------------------------------------------------------
     0 | D:1      | dorian the Vine Stalker Assassin began the quest for the Orb.
     0 | D:1      | Reached XP level 1. HP: 11/11 MP: 2/2
    21 | D:1      | Reached skill level 5 in Stealth
   109 | D:1      | Reached XP level 2. HP: 15/15 MP: 3/3
   973 | D:2      | Reached XP level 3. HP: 18/18 MP: 4/4
  1178 | D:2      | Reached XP level 4. HP: 10/23 MP: 2/5
  1230 | D:2      | Reached skill level 6 in Stealth
  1503 | D:2      | Found a sparkling altar of Nemelex Xobeh.
  1504 | D:2      | Found a glowing golden altar of the Shining One.
  1614 | D:2      | Reached XP level 5. HP: 26/26 MP: 6/6
  1921 | D:3      | Noticed Emanloe's ghost (amateur GrBe)
  2211 | D:3      | Reached skill level 7 in Stealth
  2331 | D:3      | Gained mutation: You heal very quickly. [Vine Stalker growth]
  2331 | D:3      | Reached XP level 6. HP: 30/30 MP: 7/7
  2581 | D:4      | Reached skill level 8 in Stealth
  2581 | D:4      | Reached XP level 7. HP: 27/34 MP: 6/8
  2614 | D:4      | Found a bloodstained altar of Trog.
  2684 | D:4      | Noticed Kidiri's ghost (amateur DEFE)
  2844 | D:4      | You fall through a shaft for 2 floors!
  2872 | D:6      | Reached skill level 5 in Short Blades
  3533 | D:5      | Entered Level 5 of the Dungeon
  3668 | D:5      | Noticed Menkaure
  3676 | D:5      | Reached skill level 9 in Stealth
  3696 | D:5      | Killed Menkaure
  3696 | D:5      | Gained mutation: You have razor-sharp teeth. [Vine Stalker growth]
  3696 | D:5      | Reached XP level 8. HP: 32/38 MP: 9/9
  3745 | D:5      | Found a stormy altar of Qazlal.
  3891 | D:4      | Found an opulent altar of Gozag.
  3891 | D:4      | Found a radiant altar of Vehumet.
  3945 | D:4      | Killed Kidiri's ghost
  3945 | D:4      | Reached skill level 10 in Stealth
  4616 | D:5      | Noticed Prince Ribbit
  4623 | D:5      | Killed Prince Ribbit
  4841 | D:7      | Found Coatio's Elemental Accessories.
  4847 | D:7      | Bought a wand of iceblast (6/15) for 120 gold pieces
  4897 | D:7      | Reached skill level 11 in Stealth
  4897 | D:7      | Reached XP level 9. HP: 11/42 MP: 8/10
  4902 | D:7      | Slain by a killer bee

Vault maps used:
D:1:      dpeg_arrival_simpleton_b, hex_medium, hangedman_decor_riveting,
          roderic_serpentine_path
D:2:      gammafunk_temple_overflow_pools
D:3:      kennysheep_the_goblin_king, led_xom_imps
D:4:      lightli_temple_of_fire, nicolae_overflow_hidden_temple, first_bread
D:5:      kennysheep_little_box, uniq_menkaure, uniq_prince_ribbit1
D:7:      minmay_klotski, temple_hall, nicolae_elemental_shop

Skill      XL: |  1  2  3  4  5  6  7  8 |
---------------+-------------------------+-----
Short Blades   | 2 3 4 6 7 |  7.5
Stealth        | 5 6 7 8 9 11 | 11.0
Fighting       | |  1.7
Throwing       | |  1.7
Dodging        | |  0.7

Action                   |  1- 3 |  4- 6 |  7- 9 || total
-------------------------+-------+-------+-------++-------
Melee: Dagger            |    90 |   167 |   205 ||   462
 Fire: Blowgun           |       |     5 |       ||     5
Evoke: Wand              |       |       |     2 ||     2
  Use: Scroll            |     2 |       |       ||     2
       Potion            |       |       |     3 ||     3
 Stab: Sleeping          |     9 |    15 |    14 ||    38
       Distracted        |       |       |     1 ||     1
  Eat: Chunk             |       |     5 |     6 ||    11
       Fruit             |       |       |     1 ||     1
